 Dungeon Crawl Stone Soup version 0.25.0-9-g26727b657a (webtiles) character file.

Game seed: 9632030570912165148

82 xccam the Covered (level 4, -9/34 HPs)
             Began as a Gnoll Wanderer on June 21, 2020.
             Killed by divine providence
             ... invoked by an orc priest
              (15 damage)
             ... on level 3 of the Dungeon.
             The game lasted 00:01:40 (1827 turns).

xccam the Covered (Gnoll Wanderer)                  Turns: 1827, Time: 00:01:41

Health: -9/34      AC: 10    Str: 16    XL:     4   Next: 43%
Magic:  6/6        EV: 10    Int: 15    God:
Gold:   127        SH:  0    Dex: 13    Spells: 5/5 levels left

rFire    . . .     SeeInvis .   a - +0 short sword
rCold    . . .     Gourm    .   (no shield)
rNeg     . . .     Faith    .   b - +2 scale mail
rPois    .         Spirit   .   i - +0 helmet
rElec    .         Reflect  .   (no cloak)
rCorr    .         Harm     .   (no gloves)
MR       .....                  (no boots)
Stlth    +.........             (no amulet)
HPRegen  0.11/turn              (no ring)
MPRegen  0.10/turn              (no ring)

@: no status effects
A: distributed training, fangs 1, strong nose
a: no special abilities


You were on level 3 of the Dungeon.
You were not hungry.

You visited 1 branch of the dungeon, and saw 3 of its levels.

You collected 127 gold pieces.

Inventory:

Hand Weapons
 a - a +0 short sword (weapon)
Armour
 b - a +2 scale mail (worn)
 i - a +0 helmet (worn)
Scrolls
 g - a scroll of blinking {unknown}
 h - 2 scrolls of remove curse {unknown}
 j - a scroll of identify {unknown}
 k - a scroll of magic mapping {unknown}
Potions
 c - 2 potions of curing
 e - a potion of mutation {unknown}
 l - 2 potions of brilliance {unknown}
 m - a potion of degeneration {unknown}
Comestibles
 d - 2 rations
 f - a chunk of flesh


   Skills:
 + Level 2.7 Fighting
 + Level 4.6 Short Blades
 + Level 1.1 Long Blades
 + Level 1.1 Axes
 + Level 4.6 Maces & Flails
 + Level 1.1 Polearms
 + Level 1.1 Staves
 + Level 1.1 Slings
 + Level 1.1 Bows
 + Level 1.1 Crossbows
 + Level 1.1 Throwing
 + Level 4.6 Armour
 + Level 2.7 Dodging
 + Level 2.5 Stealth
 + Level 1.1 Shields
 + Level 1.1 Unarmed Combat
 + Level 1.1 Spellcasting
 + Level 0.8 Conjurations
 + Level 0.8 Hexes
 + Level 0.8 Charms
 + Level 0.8 Summonings
 + Level 0.8 Necromancy
 + Level 0.8 Translocations
 + Level 0.8 Transmutations
 + Level 0.8 Fire Magic
 + Level 0.8 Ice Magic
 + Level 0.8 Air Magic
 + Level 0.8 Earth Magic
 + Level 0.8 Poison Magic
 + Level 1.2 Invocations
 + Level 2.7 Evocations


You had 5 spell levels left.
You didn't know any spells.
Your spell library was empty.

Dungeon Overview and Level Annotations

Branches:
Dungeon (3/15)

Altars:


Innate Abilities, Weirdness & Mutations

Your experience applies equally to all skills.
You have very sharp teeth.
Your uncanny sense of smell can sniff out nearby items.


Message History

The orc priest mumbles some strange prayers to Beogh against you.
You barely resist. You hit something but do no damage.
The ball python bites you but does no damage.
The ball python constricts you. Something hits you but does no damage.
The orc hits you but does no damage.
Unknown command.
You escape the ball python's grasp.
The orc priest barely misses you.
You hear some strange, mumbled words.
A magic dart appears from out of thin air!
The magic dart hits you.
* * * LOW HITPOINT WARNING * * *
The ball python closely misses you. The ball python grabs you.
The ball python constricts you.
You escape the ball python's grasp.
The ball python barely misses you. x2
Unknown command.
Something hits you but does no damage.
The orc priest calls down the wrath of Beogh upon you.
Beogh smites you!
You die...

####.# ....∆
##....#..#..
..#..#....
#.#.....##
#.#.##.[..
#......#
#......#
#<.@...#
###.So.#
#.oo.#
#g##.#
#..#g#
##.#o# #...#
##..# ##..#


You could see 2 orc priests, an orc, a hobgoblin, a goblin and a ball python.

Vanquished Creatures
  3 adders
  A dart slug (D:1)
  2 leopard geckos
  An orc (D:2)
  7 bats
  2 giant cockroaches
  2 goblins
  9 hobgoblins
  3 jackals (D:1)
  9 kobolds
  5 frilled lizards
  6 rats
50 creatures vanquished.

Notes
Turn   | Place    | Note
-------+----------+-------------------------------------------
     0 | D:1      | xccam the Gnoll Wanderer began the quest for the Orb.
     0 | D:1      | xccam set off with the following items: a +0 short sword, a
                  | +2 scale mail, a potion of curing, a ration
     0 | D:1      | Reached XP level 1. HP: 17/17 MP: 2/2
    52 | D:1      | Reached XP level 2. HP: 23/23 MP: 3/3
   466 | D:1      | Reached XP level 3. HP: 25/28 MP: 4/4
  1151 | D:2      | Reached skill level 1 in Invocations
  1167 | D:2      | Reached skill level 1 in Long Blades
  1167 | D:2      | Reached skill level 1 in Axes
  1167 | D:2      | Reached skill level 1 in Polearms
  1167 | D:2      | Reached skill level 1 in Staves
  1167 | D:2      | Reached skill level 1 in Slings
  1167 | D:2      | Reached skill level 1 in Bows
  1167 | D:2      | Reached skill level 1 in Crossbows
  1167 | D:2      | Reached skill level 1 in Throwing
  1167 | D:2      | Reached skill level 1 in Shields
  1167 | D:2      | Reached skill level 1 in Unarmed Combat
  1167 | D:2      | Reached skill level 1 in Spellcasting
  1167 | D:2      | Reached XP level 4. HP: 23/34 MP: 4/6
  1827 | D:3      | Killed from afar by an orc priest

Illustrated notes

Levels and vault maps discovered:
D:1:      mrwooster_arrival_arrow, layout_basic
D:2:      layout_basic
D:3:      layout_basic, uniq_crazy_yiuf_cottage

Skill      XL: |  1  2  3 |
---------------+----------+-----
Invocations    | 1 |  1.2
Long Blades    | 1 |  1.1
Axes           | 1 |  1.1
Polearms       | 1 |  1.1
Staves         | 1 |  1.1
Slings         | 1 |  1.1
Bows           | 1 |  1.1
Crossbows      | 1 |  1.1
Throwing       | 1 |  1.1
Shields        | 1 |  1.1
Unarmed Combat | 1 |  1.1
Spellcasting   | 1 |  1.1
Fighting       | |  2.7
Short Blades   | |  4.6
Maces & Flails | |  4.6
Armour         | |  4.6
Dodging        | |  2.7
Stealth        | |  2.5
Conjurations   | |  0.8
Hexes          | |  0.8
Charms         | |  0.8
Summonings     | |  0.8
Necromancy     | |  0.8
Translocations | |  0.8
Transmutations | |  0.8
Fire Magic     | |  0.8
Ice Magic      | |  0.8
Air Magic      | |  0.8
Earth Magic    | |  0.8
Poison Magic   | |  0.8
Evocations     | |  2.7

Action                   |  1- 3 |  4- 6 || total
-------------------------+-------+-------++-------
Melee: Short sword       |   140 |    50 ||   190
       Bite              |     9 |     5 ||    14
  Eat: Chunk             |     1 |     2 ||     3
Armor: Scale mail        |    74 |    29 ||   103
Dodge: Dodged            |    76 |    30 ||   106
